 Dungeon Crawl Stone Soup version 0.30-a0-913-g9934a0ce24 (webtiles) character file.

Game seed: 8562782382283132459

28503 hikkokomori the Fighter (level 13, -1/98 HPs)
             Began as a Barachi Hunter on Mar 20, 2023.
             Was an Elder of Hepliaklqana.
             Slain by a cane toad (8 damage)
             ... on level 4 of the Lair of Beasts.
             The game lasted 00:44:48 (15793 turns).

hikkokomori the Fighter (Barachi Hunter)           Turns: 15793, Time: 00:44:49

Health: -1/98      AC: 11    Str: 15    XL:     13   Next: 39%
Magic:  21/21      EV: 18    Int: 13    God:    Hepliaklqana [****..]
Gold:   1257       SH:  0    Dex: 20    Spells: 17/23 levels left

rFire   . . .      SeeInvis .    j - +9 great sword "Ano Cuni" {venom, Str+2 Int+3}
rCold   . . .      Faith    .    (shield currently unavailable)
rNeg    . . .      Spirit   .    C - +1 steam dragon scales
rPois   .          Reflect  .    w - +0 helmet
rElec   .          Rampage  .    x - +0 cloak
rCorr   +                        (no gloves)
Will    .....                    W - +0 pair of boots
Stlth   +++                      S - amulet of regeneration
HPRegen 1.16/turn                k - ring of resist corrosion
MPRegen 0.17/turn                D - ring of wizardry

@: lethally poisoned (-1 -> -6), slow
A: reduced essence, amphibious, slowness 1, strong legs 2, +LOS
a: Hop, Renounce Religion, Recall Ancestor, Ancestor Identity, Transference,
Idealise


You were on level 4 of the Lair of Beasts.
You worshipped Hepliaklqana.
Hepliaklqana was greatly pleased with you.
You visited 3 branches of the dungeon, and saw 15 of its levels.
You also visited: Sewer, Ossuary and Bailey.

You collected 1257 gold pieces.

Inventory:

Hand Weapons
 a - a +0 shortbow
 j - the +9 great sword "Ano Cuni" (weapon) {venom, Str+2 Int+3}
   (You found it on level 6 of the Dungeon)

   Str:       It affects your strength (+2).
   Int:       It affects your intelligence (+3).
 I - a +2 arbalest of flaming
Missiles
 f - 19 boomerangs
 r - 29 poisoned darts
Armour
 c - a +0 leather armour
 t - a +2 leather armour of fire resistance
 w - a +0 helmet (worn)
 x - a +0 cloak (worn)
 C - +1 steam dragon scales (worn)
 O - +0 swamp dragon scales
 W - a +0 pair of boots (worn)
Jewellery
 k - a ring of resist corrosion (left hand)
 D - a ring of wizardry (right hand)
 S - an amulet of regeneration (around neck)
 V - a ring of positive energy
Wands
 s - a wand of flame (11)
Scrolls
 b - 2 scrolls of immolation
 n - 2 scrolls of blinking {unknown}
 o - a scroll of torment
 p - 2 scrolls of brand weapon {unknown}
 v - 6 scrolls of enchant weapon {unknown}
 y - 3 scrolls of teleportation
 A - 3 scrolls of fear
 B - a scroll of silence {unknown}
 H - 2 scrolls of noise {unknown}
 K - a scroll of fog
 M - a scroll of enchant armour
 N - a scroll of vulnerability {unknown}
 Q - a scroll of butterflies {unknown}
 R - 2 scrolls of poison
 X - 3 scrolls of identify
Potions
 d - 9 potions of flight
 e - 7 potions of curing
 g - 3 potions of magic
 h - 2 potions of degeneration
 i - 2 potions of resistance
 l - 3 potions of haste {unknown}
 m - 5 potions of heal wounds
 q - 2 potions of mutation {unknown}
 u - a potion of brilliance {unknown}
 z - a potion of invisibility
 E - 5 potions of lignification
 F - 2 potions of ambrosia {unknown}
 G - a potion of berserk rage {unknown}
 P - 2 potions of might {unknown}
 T - 2 potions of cancellation {unknown}
 U - 3 potions of attraction {unknown}
Miscellaneous
 J - a condenser vane (inert)


   Skills:
 + Level 12.8 Fighting
 + Level 10.7 Long Blades
 + Level 12.1 Ranged Weapons
 - Level 6.6 Armour
 - Level 8.5 Dodging
 + Level 4.8 Stealth
 - Level 5.9 Spellcasting
 - Level 4.4 Conjurations
 - Level 4.5 Hexes
 + Level 1.3 Invocations


You had 17 spell levels left.
You knew the following spells:

 Your Spells              Type           Power      Damage    Failure   Level
a - Fulminant Prism       Conj/Hex       7%         3d7       11%         4
b - Passwall              Tmut/Erth      2%         N/A       11%         2

Your spell library contained the following spells:

 Spells                   Type           Power      Damage    Failure   Level
 Magic Dart               Conj           60%        1d6       1%          1
 Searing Ray              Conj           30%        2d5       1%          2
 Dazzling Flash           Conj/Hex       30%        N/A       3%          3
 Ensorcelled Hibernation  Hex/Ice        18%        N/A       4%          2
 Beastly Appendage        Tmut           6%         N/A       7%          1
 Freeze                   Ice            12%        1d3       7%          1
 Hailstorm                Conj/Ice       9%         3d4       9%          3
 Call Imp                 Summ           3%         N/A       11%         2
 Scorch                   Fire           6%         2d5       11%         2
 Wereblood                Tmut           3%         N/A       11%         2
 Mephitic Cloud           Conj/Pois/Air  7%         N/A       12%         3
 Frozen Ramparts          Ice            6%         1d1       21%         3
 Ignite Poison            Fire/Tmut/Pois 3%         N/A       21%         3
 Spider Form              Tmut/Pois      3%         N/A       21%         3
 Swiftness                Air            3%         N/A       21%         3
 Anguish                  Hex/Necr       4%         N/A       26%         4
 Flame Wave               Conj/Fire      9%         2d6       26%         4
 Iskenderun's Mystic Bla  Conj/Tloc      9%         2d4       26%         4
 Sticky Flame             Conj/Fire      9%         2d3       26%         4
 Manifold Assault         Tloc           3%         N/A       52%         4
 Starburst                Conj/Fire      4%         6d4       98%         6
 Dispersal                Tloc           1%         N/A       100%        6
 Summon Cactus Giant      Summ           1%         N/A       100%        6
 Enfeeble                 Hex            7%         N/A       100%        7
 Disjunction              Tloc           1%         N/A       100%        8
 Ignition                 Fire           1%         3d3       100%        8


Dungeon Overview and Level Annotations

Branches:
Dungeon (9/15)             Temple (1/1) D:7            Lair (5/5) D:9
 Shoals (0/4) Lair:2        Snake (0/4) Lair:2        Slime (0/5) Lair:4
    Orc (0/2) D:9           Sewer (visited)         Ossuary (visited)
 Bailey (visited)

Altars:
Ashenzari
Cheibriados
Dithmenos
Elyvilon
Fedhas
Gozag
Hepliaklqana
Kikubaaqudgha
Makhleb
Nemelex Xobeh
Okawaru
Qazlal
Ru
Sif Muna
Trog
Uskayaw
Vehumet
Wu Jian
Xom
Yredelemnul
Zin
The Shining One
Jiyva

Annotations:
D:3 1 runed translucent door, Anno's ghost, weakling FeDe


Innate Abilities, Weirdness & Mutations

Your life essence is reduced to manifest your ancestor. (-10% HP)
You are amphibious.
You cover ground slowly.
You can hop long distances.
You have an extended range of vision and can be seen from far away.


Message History

Okay, then.
Okay, then.
Unknown command.
You feel very sick. The cane toad stings you.
You are more poisoned.
The cane toad poisons you!
You climb upwards.
You are ready to hop once more.
You feel extremely sick.
There is a stone staircase leading down here.
Your +2 arbalest of flaming stops flaming.
You feel stronger.
You feel clever.
The +9 great sword "Ano Cuni" {venom, Str+2 Int+3} begins to drip with poison!
j - the +9 great sword "Ano Cuni" (weapon)
{venom, Str+2 Int+3} You feel very sick.
The cane toad barely misses you.
You barely miss the cane toad.
You feel extremely sick.
Vusi hits the cane toad with a +0 flail!!
The cane toad misses you.
Unknown command.
You hit the cane toad but do no damage.
The cane toad is heavily wounded.
You feel very sick. The cane toad stings you!
* * * LOW HITPOINT WARNING * * *
You are more poisoned.
The cane toad poisons you!
Vusi hits the cane toad with a +0 flail!
You feel better. The cane toad stings you!!
* * * LOW HITPOINT WARNING * * *
You are poisoned.
The cane toad poisons you!
You hit the cane toad.
The cane toad is poisoned.
The cane toad is severely wounded.
* * * LOW HITPOINT WARNING * * *
You feel very sick. The cane toad stings you!
You die...

†................................
...........................<.....
.................................
.................................
.#...............................
.P...............................
........................#........
..........#......................
................@................
................FR.P.............
.............#.#.................
......[.....#.#..................
............#.##.....#...........
.................................
...#.....................##...#..
.......................)#........
.................................


You could see the friendly Vusi the knight and a cane toad (very poisoned, ally
target).

Vanquished Creatures
  An orc warlord (Bailey)
  A hydra (Lair:4)
  2 skysharks (Lair:5)
  A deep troll (Lair:3)
  An ugly thing (D:9)
  2 oklob plants (Lair:4)
  2 elephants (Lair:4)
  3 black mambas
  A torpor snail (Lair:2)
  Joseph (D:7)
  8 cane toads
  3 komodo dragons
  2 rime drakes
  Maggie (D:7)
  A snapping turtle (Lair:2)
  Prince Ribbit (Lair:3)
  15 blink frogs
  Sigmund (D:7)
  22 yaks
  Eustachio (D:6)
  8 wyverns
  3 steam dragons
  A vampire mosquito (Lair:5)
  Edmund (D:7)
  3 nagas (Lair:2)
  13 water moccasins
  An ice beast (D:8)
  A black bear (D:8)
  7 orc warriors
  A sky beast (D:6)
  3 ogres
  6 centaurs
  4 wolves (Lair:4)
  A phantom (D:6)
  Blork the orc (D:6)
  3 kobold brigands
  6 bullfrogs
  A gnoll sergeant (D:8)
  2 scorpions
  9 wights
  6 howler monkeys
  3 hounds
  A jelly (D:5)
  5 orc priests
  A gnoll bouda (D:6)
  A sleepcap (D:8)
  2 iguanas (D:5)
  12 orc wizards
  A malarious merfolk avatar (Sewer)
  A sickly merfolk siren (Sewer)
  Robin (D:3)
  8 mummies (Ossuary)
  6 gnolls
  15 adders
  3 river rats
  A shadow imp (D:7)
  2 white imps
  2 ufetubi (D:4)
  6 worms
  3 dart slugs
  27 orcs
  7 bats
  5 endoplasms
  4 giant cockroaches
  18 goblins
  12 hobgoblins
  2 jackals (D:3)
  8 quokkas
  10 ball pythons
  11 frilled lizards
  A goblin zombie (D:7)
  2 hobgoblin zombies (Ossuary)
  31 kobolds
  5 kobold zombies (Ossuary)
  An orc zombie (Ossuary)
  30 rats
  A rat zombie (D:7)
400 creatures vanquished.

Vanquished Creatures (collateral kills)
  2 elephants (Lair:4)
  A black mamba (Lair:3)
  2 cane toads
  A komodo dragon (Lair:2)
  3 blink frogs
  3 yaks
  2 wyverns
  A water moccasin (Lair:1)
  3 bullfrogs
  A howler monkey (D:9)
  An orc wizard (D:9)
  A gnoll (D:8)
  3 orcs (D:9)
  5 kobolds (D:9)
29 creatures vanquished.

Vanquished Creatures (others)
  2 ancestors (D:9)
  4 knights
  A fulminant prism (Lair:1)
  10 fungi
  77 plants
94 creatures vanquished.

Grand Total: 523 creatures vanquished

Notes
Turn   | Place    | Note
-------+----------+-------------------------------------------
     0 | D:1      | hikkokomori the Barachi Hunter began the quest for the Orb.
     0 | D:1      | Reached XP level 1. HP: 17/17 MP: 1/1
    99 | D:1      | Reached skill level 1 in Stealth
   132 | D:1      | Reached XP level 2. HP: 23/23 MP: 2/2
   446 | D:1      | Reached XP level 3. HP: 29/29 MP: 3/3
   931 | D:2      | HP: 1/29 [frilled lizard (1)]
  1048 | D:2      | Reached XP level 4. HP: 35/35 MP: 4/4
  1322 | D:3      | Found a shimmering altar of Xom.
  1600 | D:3      | Found a burning altar of Makhleb.
  1604 | D:3      | Noticed a green death
  1606 | D:3      | Found a glowing silver altar of Zin.
  1607 | D:3      | Noticed an angel
  1663 | D:3      | Found a faded altar of an unknown god.
  1693 | D:3      | Noticed Robin
  1987 | D:3      | Found a runed translucent door.
  1991 | D:3      | Reached XP level 5. HP: 24/42 MP: 5/5
  1991 | D:3      | Noticed Anno's ghost (weakling FeDe)
  1997 | D:3      | Reached skill level 5 in Ranged Weapons
  2215 | D:3      | Killed Robin
  2841 | D:4      | Learned a level 4 spell: Fulminant Prism
  2842 | D:4      | Found a shadowy altar of Dithmenos.
  2854 | D:4      | Reached XP level 6. HP: 38/49 MP: 6/6
  2978 | D:4      | Reached skill level 1 in Conjurations
  3233 | D:4      | Reached skill level 1 in Hexes
  3240 | D:4      | Reached skill level 5 in Fighting
  3240 | D:4      | Reached XP level 7. HP: 22/56 MP: 7/7
  3556 | D:5      | Entered Level 5 of the Dungeon
  3983 | D:5      | Found a sparkling altar of Nemelex Xobeh.
  4598 | D:5      | Reached XP level 8. HP: 59/63 MP: 8/8
  5155 | D:6      | Found a glowing drain.
  5161 | Sewer    | Entered a sewer
  5534 | Sewer    | Learned a level 2 spell: Passwall
  6422 | D:6      | Noticed Blork the orc
  6426 | D:6      | Reached XP level 9. HP: 71/71 MP: 9/9
  6441 | D:6      | Noticed Eustachio
  6925 | D:6      | Killed Blork the orc
  6946 | D:6      | Killed Eustachio
  6954 | D:6      | Identified the +9 great sword "Ano Cuni" {venom, Str+2
                  | Int+3}
  7037 | D:6      | Found a sacrificial altar of Ru.
  7075 | D:7      | Noticed Joseph
  7281 | D:7      | Killed Joseph
  7302 | D:7      | Found a sand-covered staircase.
  7303 | D:7      | Found a flagged portal.
  7309 | Ossuary  | Entered an ossuary
  7529 | Bailey   | Entered a bailey
  7592 | Bailey   | Noticed an orc warlord
  7722 | Bailey   | Reached skill level 5 in Dodging
  7885 | Bailey   | Found a runed translucent gate.
  7885 | Bailey   | Found a runed translucent gate.
  7885 | Bailey   | Found a runed translucent gate.
  8245 | Bailey   | Killed an orc warlord
  8246 | Bailey   | Reached XP level 10. HP: 59/82 MP: 10/10
  8326 | Bailey   | Acquired a +2 arbalest of flaming
  8604 | D:7      | Found a staircase to the Ecumenical Temple.
  8716 | D:7      | Found a blossoming altar of Fedhas.
  8719 | D:7      | Found a radiant altar of Vehumet.
  8824 | D:7      | Noticed Edmund
  8833 | D:7      | Killed Edmund
  8836 | D:7      | Reached skill level 5 in Long Blades
  8862 | D:7      | Noticed Sigmund
  8867 | D:7      | Killed Sigmund
  9380 | D:7      | Noticed Maggie
  9385 | D:7      | Killed Maggie
  9561 | Temple   | Entered the Ecumenical Temple
  9705 | Temple   | Became a worshipper of Hepliaklqana the Forgotten
 10362 | D:8      | Reached * piety under Hepliaklqana
 10784 | D:8      | Found a snail-covered altar of Cheibriados.
 11197 | D:9      | Noticed a green ugly thing
 11210 | D:9      | Killed a green ugly thing
 11211 | D:9      | Reached skill level 10 in Ranged Weapons
 11211 | D:9      | Reached XP level 11. HP: 81/81 MP: 11/11
 11290 | D:9      | Reached skill level 10 in Fighting
 11541 | D:9      | Found a staircase to the Orcish Mines.
 11608 | D:9      | Reached ** piety under Hepliaklqana
 11609 | D:9      | Remembered your ancestor Vusi as a knight
 11738 | D:9      | Identified the +0 robe "Pidexi" {rElec rCorr}
 12232 | D:9      | Found a staircase to the Lair.
 12361 | Lair:1   | Entered Level 1 of the Lair of Beasts
 12428 | Lair:1   | Reached skill level 1 in Spellcasting
 12488 | Lair:1   | Identified the +2 falchion of the King {heavy, Str+4}
 12658 | Lair:1   | Reached skill level 1 in Armour
 13258 | Lair:2   | Reached XP level 12. HP: 67/90 MP: 16/16
 13302 | Lair:2   | Reached *** piety under Hepliaklqana
 13673 | Lair:2   | Found a staircase to the Snake Pit.
 13795 | Lair:2   | Found a staircase to the Shoals.
 14291 | Lair:3   | Reached skill level 5 in Armour
 14315 | Lair:3   | Noticed Prince Ribbit
 14328 | Lair:3   | Killed Prince Ribbit
 14484 | Lair:3   | Reached skill level 5 in Spellcasting
 15060 | Lair:4   | Reached skill level 10 in Long Blades
 15067 | Lair:4   | Gained mutation: You can hop long distances. [Barachi
                  | growth]
 15067 | Lair:4   | Reached XP level 13. HP: 86/97 MP: 16/21
 15222 | Lair:4   | Reached **** piety under Hepliaklqana
 15358 | Lair:4   | Found a viscous altar of Jiyva.
 15365 | Lair:4   | Found a staircase to the Slime Pits.
 15656 | Lair:5   | Entered Level 5 of the Lair of Beasts
 15728 | Lair:5   | Reached skill level 1 in Invocations
 15793 | Lair:4   | Slain by a cane toad

Illustrated notes

Levels and vault maps discovered:
D:1:      sevenhm_arrival_forest_fort_small_4, layout_loops_ring,
          due_unseen_surprise
D:2:      layout_rooms, kennysheep_generic_room_15
D:3:      layout_basic, xom_teletrap_fun,
          grunt_temple_overflow_order_and_chaos_2,
          nicolae_ecumenical_snake_handling, ebering_ghost_inner_flame,
          nrook_mini_backslash, uniq_robin
D:4:      layout_loops_cross, nicolae_dithmenos_the_darkroom
D:5:      layout_gridville, nemelex_xobeh_ov_fountains_minmay,
          kennysheep_generic_room_10
D:6:      layout_loops_corners, kennysheep_mini_moat, lightli_sewer_entry_pipes,
          sword_in_stone
D:7:      layout_basic, mainiacjoe_overflow_catwalk_spiral, temple_pool_b,
          enter_bailey_2, enter_ossuary_4, sigmund_edmund_badplayer,
          uniq_joseph, uniq_maggie
D:8:      layout_layer_cave, mainiacjoe_overflow_tiny_flanked,
          minmay_misc_feat_five, roderic_lattice_a
D:9:      hellmonk_ruined_rings, layout_stronghold, minmay_lair_entry_grove
Temple:   nicolae_temple_bog_church
Lair:1:   layout_loops_ring, grunt_megastairs_2
Lair:2:   layout_roguey, minmay_shoals_entry_hut, nicolae_snake_entry_squirm,
          grunt_megastairs_3
Lair:3:   dreamdust_cave_troll, layout_small_grid, uniq_prince_ribbit2
Lair:4:   layout_cave_shapes, minmay_slime_entry_oklob_enclosed, st_stairs_6,
          chequers_serial_rivers_micro_c
Lair:5:   minmay_lair_end_frog_pond, layout_long_grid,
          nicolae_volcano_entry_vermiform, uniq_kirke

Skill      XL: |  1  2  3  4  5  6  7  8  9 10 11 12 13 |
---------------+----------------------------------------+-----
Stealth        | 1 2 3 4 |  4.8
Fighting       | 3 4 5 6 8 9 11 12 | 12.8
Ranged Weapons | 5 6 7 9 10 11 12 | 12.1
Conjurations   | 1 2 3 4 |  4.4
Hexes          | 1 2 3 4 |  4.5
Dodging        | 3 5 7 8 |  8.5
Long Blades    | 4 6 8 10 | 10.7
Spellcasting   | 2 5 |  5.9
Armour         | 2 5 6 |  6.6
Invocations    | 1 |  1.3

Action                     |  1- 3 |  4- 6 |  7- 9 | 10-12 | 13-15 || total
---------------------------+-------+-------+-------+-------+-------++-------
  Melee: Great sword       |       |       |    13 |   220 |    41 ||   274
   Fire: Shortbow          |   130 |   185 |   615 |       |       ||   930
         Arbalest          |       |       |       |   161 |    59 ||   220
   Cast: Fulminant Prism   |       |       |       |     1 |       ||     1
 Invoke: Recall Ancestor   |       |       |       |     2 |     1 ||     3
         Ancestor Identity |       |       |       |     1 |       ||     1
         Ancestor Life: Kn |       |       |       |     1 |       ||     1
Ability: Hop               |     2 |     6 |     9 |     3 |     2 ||    22
  Evoke: Wand              |       |       |    12 |       |     1 ||    13
         Condenser vane    |       |       |       |     1 |     1 ||     2
    Use: Scroll            |     4 |     6 |     5 |     2 |     5 ||    22
         Potion            |     2 |     1 |     2 |       |     3 ||     8
   Stab: Sleeping          |       |       |       |     2 |     2 ||     4
         Confused          |       |       |       |       |     1 ||     1
 Armour: Leather armour    |    20 |    29 |    26 |       |       ||    75
         Steam dragon scal |       |       |    34 |    49 |    19 ||   102
  Dodge: Dodged            |    47 |    64 |   166 |   247 |    66 ||   590

Table legend: (Time is in decaauts)
 A = Elapsed time spent in this place.
 B = Non-inter-level travel time spent in this place.
 C = Inter-level travel time spent in this place.
 D = Time resting spent in this place.
 E = Time spent auto-exploring this place.
 F = Levels seen in this place.
 G = Mean time per level.
                   A        B        C        D        E       F      G
               +--------+--------+--------+--------+--------+-----+--------+
         Total |  18188 |  17389 |    799 |   1578 |  11970 |  18 | 1010.4 |
       Dungeon |  12192 |  11509 |    683 |   1250 |   8284 |   9 | 1354.7 |
        Temple |    179 |    179 |      0 |      0 |    127 |   1 |  179.0 |
          Lair |   4062 |   3947 |    115 |     90 |   3149 |   5 |  812.4 |
         Sewer |    547 |    547 |      0 |      0 |    323 |   1 |  547.0 |
       Ossuary |    221 |    221 |      0 |      0 |      0 |   1 |  221.0 |
        Bailey |    985 |    985 |      0 |    237 |     85 |   1 |  985.0 |
               +--------+--------+--------+--------+--------+-----+--------+

Top non-repeatable levels by time:
     D:6: 1909 daAuts
     D:8: 1611 daAuts
     D:3: 1459 daAuts
     D:7: 1431 daAuts
     D:9: 1406 daAuts
     D:5: 1406 daAuts
     D:4: 1225 daAuts
  Lair:3: 1108 daAuts
  Lair:1: 1013 daAuts
  Lair:2: 1008 daAuts
  Bailey: 985 daAuts
     D:1: 935 daAuts
  Lair:4: 817 daAuts
     D:2: 807 daAuts
   Sewer: 547 daAuts
